AoeStats
← ogipochi_

Oasis

507859885Analyzed
3v3 RM · 13d ago on Sep 20, 2026· 92m 52s· 6 players
Game mode
Random Map
Map size
Normal (6 player)
Population
200
Speed
Normal
Resources
Standard
Victory
Conquest
Starting age
Dark Age
Ending age
Imperial Age
RankedLock teamsTeams togetherTeam positionsShared explorationLock speedFull tech treeHidden civsTurbo modeCheats
Victory
Defeat
🇨🇱 Saracens · Chile
849
+17
🇩🇪 Chinese · Germany
839
+17
🇯🇵 Khitans · Japan
799
+19
🇺🇸 Byzantines · United States
877
-18
🇺🇸 Italians · United States
862
-18
🇺🇸 Romans · United States
847
-17
ogipochi_
8:00 Loom
11:29 Feudal Age
12:07 Double-Bit Axe
12:14 Gold Mining
13:02 Wheelbarrow
12:21 Stone Mining
12:12 Domestication
15:32 Man-at-Arms
15:57 Arson
21:58 Castle Age
21:23 Scale Mail Armor
21:36 Forging
23:22 Hand Cart
22:34 Long Swordsman
23:15 Squires
24:41 Bow Saw
27:55 Scale Mail Armor
28:48 Iron Casting
28:50 Gambesons
30:07 Pastoralism
31:25 Stone Shaft Mining
30:39 Town Watch
33:45 Chain Mail Armor
39:12 Imperial Age
37:37 Lamellar Armor
37:13 Pikeman
40:06 Town Patrol
40:41 Plate Mail Armor
39:46 Elite Liao Dao
40:47 Conscription
39:51 Two-Handed Swordsman
39:54 Capped Ram
41:37 Caravan
41:14 Siege Ram
41:20 Champion
Neuronians
0:26 Loom
16:12 Feudal Age
17:35 Wheelbarrow
17:18 Horse Collar
17:24 Double-Bit Axe
17:36 Town Watch
21:01 Gold Mining
23:14 Castle Age
21:36 Stone Mining
24:30 Hand Cart
24:59 Bow Saw
24:51 Heavy Plow
26:50 Caravan
32:44 Imperial Age
31:51 Fletching
32:02 Padded Archer Armor
34:35 Conscription
35:51 Ballistics
35:42 Fortified Wall
35:28 Murder Holes
36:34 Chemistry
36:00 Town Patrol
35:57 Bodkin Arrow
36:18 Leather Archer Armor
37:34 Two-Man Saw
37:16 Bracer
39:28 Ring Archer Armor
39:10 Masonry
39:13 Elite Chu Ko Nu
39:55 Great Wall
42:04 Rocketry
41:58 Forging
41:48 Scale Mail Armor
41:55 Elite Skirmisher
43:18 Architecture
42:57 Arson
43:12 Squires
42:33 Pikeman
44:21 Iron Casting
43:46 Scale Mail Armor
43:54 Capped Ram
46:37 Blast Furnace
45:10 Heavy Scorpion
45:51 Heavy Rocket Cart
46:04 Siege Ram
47:36 Elite Fire Lancer
47:37 Halberdier
48:37 Chain Mail Armor
50:30 Plate Mail Armor
58:20 Coinage
68:33 Man-at-Arms
69:09 Long Swordsman
70:35 Two-Handed Swordsman
72:29 Two-Handed Swordsman
73:14 Champion
PilotExpert9105
10:20 Loom
13:04 Feudal Age
16:40 Fletching
17:25 Padded Archer Armor
18:06 Double-Bit Axe
27:07 Castle Age
27:14 Crossbowman
27:18 Elite Skirmisher
28:23 Caravan
30:22 Bodkin Arrow
30:43 Thumb Ring
33:30 Leather Archer Armor
37:11 Forging
37:06 Scale Barding Armor
38:36 Husbandry
38:46 Bloodlines
39:04 Chain Barding Armor
41:24 Wheelbarrow
42:41 Hand Cart
42:32 Stone Mining
43:33 Iron Casting
50:26 Imperial Age
50:35 Heavy Camel Rider
51:39 Capped Ram
52:39 Light Cavalry
54:26 Bimaristan
54:50 Conscription
55:55 Chemistry
55:16 Ballistics
54:37 Treadmill Crane
55:07 Herbal Medicine
54:43 Siege Ram
56:28 Plate Barding Armor
56:53 Blast Furnace
56:11 Light Cavalry
59:01 Elite Mameluke
69:26 Hussar
80:51 Ring Archer Armor
Fryy
8:30 Loom
10:35 Feudal Age
10:15 Loom
13:21 Double-Bit Axe
15:51 Castle Age
14:12 Horse Collar
15:09 Loom
16:03 Gold Mining
16:03 Stone Mining
17:26 Bow Saw
17:53 Bow Saw
19:56 Heavy Plow
22:16 Wheelbarrow
21:28 Loom
23:19 Ballistics
25:40 Hand Cart
33:03 Imperial Age
32:12 Gold Shaft Mining
33:42 Ballistas
33:32 Heavy Scorpion
39:29 Chemistry
38:02 Pikeman
38:06 Man-at-Arms
39:56 Comitatenses
41:17 Murder Holes
41:27 Siege Engineers
43:20 Long Swordsman
43:20 Halberdier
44:14 Scale Mail Armor
44:24 Forging
45:47 Legionary
46:54 Legionary
50:01 Chain Mail Armor
50:22 Iron Casting
53:49 Blast Furnace
72:52 Caravan
81:56 Elite Skirmisher
82:49 Fletching
83:00 Padded Archer Armor
85:26 Leather Archer Armor
85:06 Bodkin Arrow
86:45 Ring Archer Armor
89:01 Masonry
93:13 Crop Rotation
BloodTearss
11:06 Feudal Age
11:52 Loom
12:44 Double-Bit Axe
13:45 Horse Collar
17:07 Town Watch
18:50 Stone Mining
18:53 Gold Mining
20:47 Fletching
22:12 Padded Archer Armor
24:37 Castle Age
25:49 Crossbowman
26:37 Thumb Ring
27:25 Ballistics
28:24 Elite Skirmisher
29:40 Bodkin Arrow
30:00 Leather Archer Armor
31:19 Wheelbarrow
30:44 Town Patrol
32:23 Bow Saw
32:17 Heavy Plow
35:51 Hand Cart
36:58 Silk Road
37:41 Fortified Wall
44:47 Imperial Age
51:59 Bracer
52:30 Ring Archer Armor
53:04 Chemistry
52:49 Pirotechnia
55:50 Conscription
74:11 Arbalester
sleW
11:59 Feudal Age
12:00 Loom
17:11 Castle Age
15:00 Double-Bit Axe
14:58 Horse Collar
23:48 Stone Mining
27:13 Imperial Age
26:52 Treadmill Crane
28:24 Elite Skirmisher
29:03 Fletching
32:15 Scale Barding Armor
35:45 Chemistry
37:02 Guard Tower
37:10 Murder Holes
39:33 Wheelbarrow
40:11 Gold Mining
41:49 Chain Barding Armor
43:12 Forging
44:28 Plate Barding Armor
44:32 Caravan
44:59 Bow Saw
44:51 Heavy Plow
46:44 Iron Casting
48:09 Light Cavalry
49:42 Hussar
51:25 Conscription
51:47 Husbandry
62:37 Cavalier
64:03 Paladin
69:10 Heavy Camel Rider
71:21 Pikeman
72:10 Halberdier
77:31 Scale Mail Armor
Connection lost

Rejoining the realm…

Still unreachable

The connection could not be restored.

Session expired

The server has moved on; the page needs a fresh start.